 Dungeon Crawl Stone Soup version 0.30-a0-591-g3c58d2bc28 (webtiles) character file.

Game seed: 6209943858239900917

78494 Persephone the Tortoise (level 15, -5/135 HPs)
             Began as a Minotaur Fighter on Jan 1, 2023.
             Was the Champion of Hepliaklqana.
             Killed from afar by a hell hound (11 damage)
             ... with a blast of flame
             ... led by Azrael
             ... on level 13 of the Dungeon on Jan 5, 2023.
             The game lasted 00:53:33 (18353 turns).

Persephone the Tortoise (Minotaur Fighter)         Turns: 18353, Time: 00:53:33

Health: -5/135     AC: 14    Str: 30    XL:     15   Next: 18%
Magic:  0/28       EV: 11    Int:  5    God:    Hepliaklqana [******]
Gold:   1138       SH:  0    Dex: 19    Spells: 14/14 levels left

rFire   x . .      SeeInvis .    e - +4 glaive (elec)
rCold   . . .      Faith    .    (shield currently unavailable)
rNeg    + . .      Spirit   +    E - +1 ring mail "Witidih" {Regen+ rCorr Str+2}
rPois   +          Reflect  .    D - +1 hat
rElec   +          Harm     .    W - scarf {repulsion}
rCorr   +          Rampage  .    V - +0 pair of gloves
Will    +....                    B - +0 pair of boots
Stlth   +                        Z - amulet "Xurphism" {Spirit Dex+4}
HPRegen 1.22/turn                T - ring "Res Pope" {rPois rF- rN+ rCorr}
MPRegen 0.21/turn                J - ring of Arizud {rElec MP+9 Dex+5}

@: about to teleport, repel missiles
A: reduced essence, horns 2, retaliatory headbutt
a: Renounce Religion, Recall Ancestor, Ancestor Identity, Transference, Idealise


You were on level 13 of the Dungeon.
You worshipped Hepliaklqana.
Hepliaklqana was exalted by your worship.
You visited 4 branches of the dungeon, and saw 22 of its levels.

You collected 1944 gold pieces.
You spent 806 gold pieces at shops.

Inventory:

Hand Weapons
 e - a +4 glaive of electrocution (weapon)
 s - a +3 heavy spear
Missiles
 x - 7 throwing nets (quivered)
Armour
 c - a +0 buckler
 B - a +0 pair of boots (worn)
 D - a +1 hat (worn)
 E - the +1 ring mail "Witidih" (worn) {Regen+ rCorr Str+2}
   (You bought it in a shop on level 10 of the Dungeon)

   Str:       It affects your strength (+2).
   Regen:     It increases your rate of health regeneration.
   rCorr:     It protects you from acid and corrosion.
 V - a +0 pair of gloves (worn)
 W - a scarf of repulsion (worn)
Jewellery
 b - a ring of see invisible
 h - an amulet of regeneration
 r - a ring of willpower
 C - a +4 ring of slaying
 J - the ring of Arizud (right hand) {rElec MP+9 Dex+5}
   (You found it on level 6 of the Dungeon)

   [ring of magical power]

   Dex:       It affects your dexterity (+5).
   rElec:     It insulates you from electricity.
   MP:        It affects your magic capacity (+9).
 L - a ring of poison resistance
 T - the ring "Res Pope" (left hand) {rPois rF- rN+ rCorr}
   (You bought it in a shop on level 4 of the Dungeon)

   [ring of resist corrosion]

   rF:        It makes you vulnerable to fire.
   rPois:     It protects you from poison.
   rN:        It protects you from negative energy.
   rCorr:     It protects you from acid and corrosion.
 Z - the amulet "Xurphism" (around neck) {Spirit Dex+4}
   (You found it on level 5 of the Lair of Beasts)

   [amulet of guardian spirit]

   It causes incoming damage to be divided between your reserves of health and
   magic.
   Dex:       It affects your dexterity (+4).
Wands
 i - a wand of quicksilver (25)
 y - a wand of flame (20)
 H - a wand of charming (21)
 N - a wand of iceblast (17)
 Q - a wand of digging (5)
 U - a wand of mindburst (7)
Scrolls
 f - a scroll of noise
 k - 4 scrolls of immolation
 n - 4 scrolls of blinking
 p - 3 scrolls of teleportation
 q - 4 scrolls of amnesia
 A - a scroll of fog
 F - a scroll of vulnerability
 G - 2 scrolls of poison
 M - 3 scrolls of enchant armour
 O - 3 scrolls of magic mapping
 X - a scroll of silence
Potions
 a - 2 potions of haste
 d - 3 potions of flight
 g - 2 potions of heal wounds
 j - 2 potions of ambrosia
 l - 4 potions of resistance
 m - 5 potions of brilliance
 o - 3 potions of berserk rage
 t - 8 potions of curing
 u - 3 potions of attraction
 v - 2 potions of lignification
 w - 2 potions of cancellation
 z - a potion of mutation
 K - 2 potions of invisibility
 P - 2 potions of magic
 R - 2 potions of might


   Skills:
 + Level 18.9 Fighting
 + Level 16.5 Polearms
 + Level 18.9 Armour
 - Level 3.6 Shields
 + Level 7.7 Invocations


You had 14 spell levels left.
You didn't know any spells.
Your spell library contained the following spells:

 Spells                   Type           Power      Damage    Failure   Level
 Beastly Appendage        Tmut           0%         N/A       54%         1
 Wereblood                Tmut           0%         N/A       69%         2
 Ozocubu's Armour         Ice            0%         N/A       89%         3
 Spider Form              Tmut/Pois      0%         N/A       89%         3
 Tukima's Dance           Hex            0%         N/A       89%         3
 Airstrike                Air            0%         2d(0-16)  100%        4
 Passage of Golubria      Tloc           0%         N/A       100%        4
 Summon Lightning Spire   Summ/Air       0%         N/A       100%        4
 Lightning Bolt           Conj/Air       0%         1d11      100%        5
 Yara's Violent Unravell  Hex/Tmut       0%         3d3       100%        5
 Ozocubu's Refrigeration  Ice            0%         4d7       100%        7


Dungeon Overview and Level Annotations

Branches:
Dungeon (14/15)            Temple (1/1) D:4            Lair (5/5) D:8
  Swamp (0/4) Lair:3       Spider (0/4) Lair:2        Slime (0/5) Lair:4
    Orc (2/2) D:12            Elf (0/3) Orc:2        Vaults (0/5) D:13

Altars:
Ashenzari
Cheibriados
Dithmenos
Elyvilon
Fedhas
Gozag
Hepliaklqana
Kikubaaqudgha
Makhleb
Nemelex Xobeh
Okawaru
Qazlal
Ru
Sif Muna
Uskayaw
Vehumet
Wu Jian
Xom
Yredelemnul
Zin
The Shining One

Shops:
D:4 =   D:9 *   D:10 [   Orc:1 **   Orc:2 ?(*(?

Annotations:
D:6 2 runed translucent doors
D:8 exclusion: statue
D:13 Azrael


Innate Abilities, Weirdness & Mutations

Your life essence is reduced to manifest your ancestor. (-10% HP)
You have a pair of horns on your head.
You reflexively headbutt those who attack you in melee.


Message History

Wilfreda gestures at the hell hound while chanting.
The bolt of magma hits the hell hound!
The hell hound partially resists.
The bolt of magma hits the fire elemental!
The fire elemental partially resists.
The fire elemental hits you. The fire elemental burns you!
The fire burns you terribly! The fire elemental hits you.
The fire elemental burns you! The fire burns you terribly!
The fire elemental closely misses you.
The hell hound barely misses Wilfreda.
The hell hound bites you but does no damage.
You climb upwards.
There is a stone staircase leading down here.
As you read the scroll of teleportation, it crumbles to dust.
You feel strangely unstable. The fire elemental hits you.
The fire elemental burns you! The fire burns you terribly!
Azrael hits you with a +1 scimitar of flaming!
Azrael burns you!
* * * LOW HITPOINT WARNING * * *
The fire elemental hits you. The fire elemental burns you!
The fire burns you terribly!
* * * LOW HITPOINT WARNING * * *
Wilfreda hits the fire elemental with a +0 quarterstaff!
The hell hound closely misses you.
You feel much better. The fire elemental barely misses you.
The hell hound bites you but does no damage.
The fire elemental hits you. The fire elemental burns you!
The fire burns you terribly!
* * * LOW HITPOINT WARNING * * *
Wilfreda gestures at the fire elemental while chanting.
The stone arrow hits Azrael!
Azrael hits Wilfreda with a +1 scimitar of flaming!
Azrael burns Wilfreda.
The fire elemental hits you. The fire elemental burns you!
The fire burns you terribly!
* * * LOW HITPOINT WARNING * * *
The hell hound breathes flames at you.
The blast of flame hits the hell hound.
The hell hound completely resists.
The blast of flame hits you! The fire burns you terribly!
* * * LOW HITPOINT WARNING * * *
The hell hound breathes flames at you. The blast of flame hits you!
The fire burns you terribly!
You die...

#.###....## #.....#.###....
#.##..##..### ###...#........
#.#..###...>### ##...........
#.#.## ##.....# ####...#.....
#.#.# ##..#.####........#..#
#.#.## ##.#.#....#.........[
#....## ##.R.............###.
###...####..RE#......####...#.
##.#.......#@##.###.# ###...
##..#..####hhE##.....######.##
#..##..# ###E°#..##.....##.##
##.###..## #.......#####(....#
#......(.####...###.###
####... ##..#####...##...#
#...###...... #..## ###......#
###..........
#.#########..##..# ###........
####.....)..###..# #.....)..


You could see the friendly Wilfreda the battlemage, Azrael (distracted), 3 fire
elementals and 2 hell hounds.

Vanquished Creatures
  Gastronok (Lair:1)
  Nessos (D:13)
  The ghost of Pooter the Fighter, a journeyman MiBe of Trog (Orc:2)
  A fire dragon (D:9)
  Josephine (D:13)
  Harold (D:11)
  Fannar (D:11)
  4 hydras
  3 centaur warriors
  4 two-headed ogres
  Erica (D:11)
  2 catoblepae
  3 boulder beetles
  3 orc high priests (Orc:2)
  Urug (D:13)
  Sonja (Lair:5)
  Amaemon (D:11)
  A goliath frog (Lair:5)
  A bog body (Lair:3)
  A wizard (D:9)
  9 orc knights
  2 cyclopes
  7 elephants
  4 black mambas
  2 gargoyles
  13 cane toads
  An orange demon (D:11)
  Maggie (D:6)
  5 komodo dragons
  A freezing wraith (D:9)
  A tengu conjurer (D:13)
  A rime drake (Lair:1)
  2 polar bears
  3 trolls
  2 tyrant leeches (Lair:5)
  A hornet (D:9)
  29 blink frogs
  3 dream sheep (Lair:5)
  Grinder (D:4)
  6 slime creatures (D:12)
  Sigmund (D:5)
  3 shadows
  A vampire (D:6)
  4 wyverns
  3 basilisks
  13 humans (D:13)
  23 yaks
  6 wraiths
  7 vampire mosquitoes
  Menkaure (D:6)
  A steam dragon (D:9)
  2 wargs (Orc:2)
  2 swamp worms (Lair:3)
  2 acid dragons
  Duvessa (D:6)
  A hell hound (D:14)
  2 water moccasins
  2 sky beasts
  31 orc warriors
  2 ice beasts
  5 ogres
  3 centaurs
  3 wolves (Lair:3)
  A kobold brigand (D:4)
  6 bullfrogs
  3 scorpions
  2 necrophages
  A gnoll sergeant (D:9)
  5 wights
  5 killer bees (D:10)
  3 howler monkeys
  2 electric eels
  4 hounds
  2 jellies
  29 orc priests
  2 gnoll boudas
  Ijyb (D:4)
  Natasha (thrice) (D:4)
  2 iguanas
  9 orc wizards
  31 gnolls
  6 adders
  2 white imps
  An ufetubus (D:6)
  4 worms
  2 dart slugs
  70 orcs
  8 ball pythons
  5 bats
  12 endoplasms
  6 goblins
  10 hobgoblins
  17 jackals
  7 kobolds
  3 quokkas
  5 frilled lizards
  4 rats
519 creatures vanquished.

Vanquished Creatures (collateral kills)
  A hydra (Lair:5)
  Erolcha (Orc:2)
  A boulder beetle (D:12)
  A two-headed ogre (D:8)
  An orc high priest (Orc:2)
  A bog body (Lair:3)
  A lindwurm (Lair:4)
  An orc knight (Orc:2)
  An orc sorcerer (Orc:2)
  A cyclops (D:13)
  An ugly thing (D:12)
  2 elephants (Lair:5)
  2 black mambas (Lair:3)
  A gargoyle (D:6)
  2 unseen horrors
  3 komodo dragons
  A troll (D:12)
  A merfolk (D:12)
  2 hornets (D:9)
  A tyrant leech (Lair:5)
  13 blink frogs
  2 dream sheep (Lair:5)
  A shadow (D:11)
  11 yaks
  2 wraiths (D:11)
  A basilisk (Lair:5)
  3 humans (D:13)
  A steam dragon (D:6)
  3 vampire mosquitoes
  5 water moccasins
  5 orc warriors
  An ice beast (D:6)
  A sky beast (D:8)
  3 wolves (Lair:3)
  An ogre (Orc:2)
  A bullfrog (Lair:5)
  A scorpion (D:7)
  4 wights
  Dowan (D:6)
  2 killer bees (D:10)
  3 howler monkeys
  2 orc priests
  8 orc wizards
  An ufetubus (D:6)
  A worm (D:6)
  25 orcs
128 creatures vanquished.

Vanquished Creatures (others)
  20 battlemagi
  32 fungi
  77 plants
129 creatures vanquished.

Grand Total: 776 creatures vanquished

Notes
Turn   | Place    | Note
-------+----------+-------------------------------------------
     0 | D:1      | Persephone the Minotaur Fighter began the quest for the
                  | Orb.
     0 | D:1      | Reached XP level 1. HP: 19/19 MP: 0/0
   116 | D:1      | Reached XP level 2. HP: 26/26 MP: 1/1
   397 | D:1      | Reached XP level 3. HP: 31/31 MP: 2/2
  1107 | D:2      | Reached skill level 5 in Polearms
  1420 | D:3      | Reached XP level 4. HP: 39/39 MP: 3/3
  1562 | D:3      | You fall into a shaft and drop 1 floor!
  1582 | D:4      | Found Mazarhyqen's One-of-a-Kind Rings.
  1627 | D:4      | Noticed a scorpion
  1628 | D:4      | Noticed Grinder
  1633 | D:4      | Killed a scorpion
  1634 | D:4      | Reached XP level 5. HP: 37/45 MP: 4/4
  1643 | D:4      | Killed Grinder
  1644 | D:4      | Reached XP level 6. HP: 41/51 MP: 5/5
  1712 | D:4      | Noticed Natasha
  1713 | D:4      | Noticed a water moccasin
  1715 | D:4      | Killed Natasha
  1718 | D:4      | Killed a water moccasin
  1741 | D:4      | Reached XP level 7. HP: 26/57 MP: 6/6
  1864 | D:4      | Found a staircase to the Ecumenical Temple.
  1891 | D:4      | Noticed Ijyb
  1899 | D:4      | Killed Ijyb
  1900 | D:4      | Reached skill level 10 in Polearms
  1942 | Temple   | Entered the Ecumenical Temple
  2118 | Temple   | Became a worshipper of Hepliaklqana the Forgotten
  2286 | D:4      | Noticed Natasha
  2291 | D:4      | Killed Natasha
  2301 | D:4      | Noticed Natasha
  2305 | D:4      | Killed Natasha
  2519 | D:4      | Reached XP level 8. HP: 60/64 MP: 7/7
  3065 | D:5      | Entered Level 5 of the Dungeon
  3306 | D:5      | Reached * piety under Hepliaklqana
  3368 | D:5      | Found an iron altar of Okawaru.
  3470 | D:5      | Noticed Sigmund
  3482 | D:5      | Killed Sigmund
  3972 | D:6      | Found a large runed translucent door.
  3973 | D:6      | Found a large runed translucent door.
  3985 | D:6      | Found a large runed translucent door.
  3985 | D:6      | Found a large runed translucent door.
  4076 | D:6      | Reached ** piety under Hepliaklqana
  4100 | D:6      | Remembered your ancestor Wilfreda as a battlemage
  4219 | D:6      | Reached XP level 9. HP: 21/63 MP: 8/8
  4334 | D:6      | Noticed Menkaure
  4338 | D:6      | Killed Menkaure
  4414 | D:6      | Reached skill level 5 in Fighting
  4414 | D:6      | Reached skill level 5 in Armour
  4592 | D:6      | Noticed Duvessa
  4592 | D:6      | Noticed Dowan
  4596 | D:6      | Killed Duvessa
  4599 | D:6      | Killed Dowan
  4676 | D:6      | Noticed Maggie
  4686 | D:6      | Killed Maggie
  4808 | D:6      | Noticed a gargoyle
  4819 | D:6      | Killed a gargoyle
  5016 | D:6      | Identified the ring of Arizud {rElec MP+9 Dex+5}
  5195 | D:7      | Found a burning altar of Makhleb.
  5223 | D:7      | Reached XP level 10. HP: 79/79 MP: 9/9
  5800 | D:8      | Noticed a two-headed ogre
  5802 | D:8      | Found a staircase to the Lair.
  5806 | D:8      | Killed a two-headed ogre
  5906 | D:8      | Reached *** piety under Hepliaklqana
  5938 | D:8      | Found a radiant altar of Vehumet.
  6018 | D:8      | Found a blossoming altar of Fedhas.
  6018 | D:8      | Found an ornate altar of the Wu Jian Council.
  6591 | D:9      | Reached skill level 10 in Fighting
  6591 | D:9      | Reached skill level 10 in Armour
  6624 | D:9      | Found Pustiuji's General Store.
  6642 | D:9      | Found a white marble altar of Elyvilon.
  6642 | D:9      | Noticed a two-headed ogre
  6651 | D:9      | Killed a two-headed ogre
  6914 | D:9      | Found a runed translucent door.
  7289 | D:9      | Noticed a wizard
  7306 | D:9      | Killed a wizard
  7307 | D:9      | Reached XP level 11. HP: 91/91 MP: 10/10
  7311 | D:9      | Noticed a boulder beetle
  7333 | D:9      | Killed a boulder beetle
  7361 | D:9      | Noticed a centaur warrior
  7369 | D:9      | Killed a centaur warrior
  7390 | D:9      | Noticed a fire dragon
  7536 | D:10     | Entered Level 10 of the Dungeon
  7694 | D:10     | Found Ubiw's Armour Boutique.
  8102 | D:10     | Bought the +1 ring mail "Witidih" {Regen+ rCorr Str+2} for
                  | 258 gold pieces
  8150 | D:11     | Noticed Fannar
  8166 | D:11     | Killed Fannar
  8194 | D:11     | Reached **** piety under Hepliaklqana
  8233 | D:11     | Noticed a boulder beetle
  8250 | D:11     | Killed a boulder beetle
  8289 | D:11     | Noticed Harold
  8299 | D:11     | Killed Harold
  8346 | D:11     | Noticed Erica
  8357 | D:11     | Killed Erica
  8545 | D:11     | Noticed a two-headed ogre
  8550 | D:11     | Killed a two-headed ogre
  8580 | D:11     | Reached XP level 12. HP: 104/104 MP: 11/11
  8717 | D:11     | Noticed Amaemon
  8726 | D:11     | Killed Amaemon
  8928 | D:12     | Identified the +8 flail of Zubufeel {chaos, +Blink rN++
                  | MP-9}
  9008 | D:12     | Found a staircase to the Orcish Mines.
  9086 | D:12     | Noticed a centaur warrior
  9086 | D:12     | Noticed a boulder beetle
  9091 | D:12     | Killed a centaur warrior
  9100 | D:12     | Killed a boulder beetle
  9634 | D:12     | Upgraded the game from 0.30-a0-585-g93115170b9 to
                  | 0.30-a0-586-g23e55c9e0a
  9770 | D:4      | Bought the ring "Res Pope" {rPois rF- rN+ rCorr} for 284
                  | gold pieces
  9860 | Lair:1   | Entered Level 1 of the Lair of Beasts
  9893 | Lair:1   | Reached skill level 15 in Fighting
  9893 | Lair:1   | Reached skill level 15 in Armour
  9923 | Lair:1   | Reached ***** piety under Hepliaklqana
  9991 | Lair:1   | Noticed Gastronok
 10002 | Lair:1   | Killed Gastronok
 10868 | Lair:2   | Noticed a catoblepas
 10877 | Lair:2   | Killed a catoblepas
 10878 | Lair:2   | Reached XP level 13. HP: 115/115 MP: 12/12
 10905 | Lair:2   | Found a hole to the Spider Nest.
 11505 | Lair:3   | Identified the +9 short sword "Apaely" {drain, rC+ MP+9
                  | Int-4 Dex+3}
 11890 | Lair:3   | Reached skill level 1 in Invocations
 12016 | Lair:3   | Found a staircase to the Swamp.
 12261 | Lair:4   | Found a staircase to the Slime Pits.
 12973 | Lair:5   | Entered Level 5 of the Lair of Beasts
 13038 | Lair:5   | Noticed Sonja
 13058 | Lair:5   | Killed Sonja
 13279 | Lair:5   | Reached XP level 14. HP: 125/126 MP: 16/16
 13290 | Lair:5   | Reached ****** piety under Hepliaklqana
 13364 | Lair:5   | Reached skill level 15 in Polearms
 13602 | Lair:5   | Reached skill level 5 in Invocations
 13953 | Lair:5   | Identified the amulet "Xurphism" {Spirit Dex+4}
 14503 | Orc:1    | Entered Level 1 of the Orcish Mines
 14613 | Orc:1    | Found Hisur's Assorted Antiques.
 14717 | D:9      | Bought a +0 glaive for 65 gold pieces
 15015 | Orc:1    | Bought a scroll of brand weapon for 199 gold pieces
 15389 | Orc:1    | Found Xissez's CLEARANCE SALE!.
 15522 | Orc:2    | Entered Level 2 of the Orcish Mines
 15522 | Orc:2    | Noticed Erolcha
 15526 | Orc:2    | Killed Erolcha
 15544 | Orc:2    | Found Zanocese's Magic Scroll Shop.
 15663 | Orc:2    | Found a large runed translucent door.
 15665 | Orc:2    | Found a large runed translucent door.
 15722 | Orc:2    | Found a staircase to the Elven Halls.
 15974 | Orc:2    | Noticed Pooter's ghost (journeyman MiBe)
 17125 | Orc:2    | Found Qumniodo's Antique Weapon Emporium.
 17125 | Orc:2    | Found Maseisargh's General Store.
 17126 | Orc:2    | Found Munol's Weapon Shoppe.
 17126 | Orc:2    | Found Leuczeom's Magic Scroll Emporium.
 17201 | Orc:2    | Killed Pooter's ghost
 17428 | Orc:1    | Upgraded the game from 0.30-a0-586-g23e55c9e0a to
                  | 0.30-a0-591-g3c58d2bc28
 17696 | D:13     | Noticed Josephine
 17713 | D:13     | Killed Josephine
 17715 | D:13     | Reached XP level 15. HP: 117/135 MP: 19/19
 17877 | D:13     | Noticed Nessos
 17892 | D:13     | Killed Nessos
 17917 | D:13     | Noticed Urug
 17941 | D:13     | Killed Urug
 17983 | D:13     | Found a gate to the Vaults.
 18347 | D:14     | Noticed Azrael
 18353 | D:13     | HP: 6/135 [hell hound/blast of flame[Azrael] (15)]
 18353 | D:13     | Killed from afar by a hell hound

Illustrated notes

Levels and vault maps discovered:
D:1:      dpeg_arrival_three_same_balls, layout_basic, minmay_cut_off
D:2:      layout_loops_ring
D:3:      layout_loops_corners, mainiacjoe_overflow_brackets,
          small_statue_intersection
D:4:      lemuel_castle_with_subvaults [lemuel_castle_interior_carwin_1],
          layout_cave_pools, lemuel_temple_firewalk_a,
          nicolae_shop_unique_rings, minivault_1, minmay_misc_feat_diagonals,
          grunt_ministairs_10, uniq_natasha, uniq_ijyb, uniq_grinder
D:5:      layout_loops_corners, nicolae_overflow_crystal_walls, sigmund_army
D:6:      layout_gridville, cheibrodos_sewer_entry_bend,
          minmay_hollow_rounded_squares, uniq_duvessa, uniq_maggie,
          uniq_menkaure
D:7:      layout_rooms, bloody_makhleb, nrook_campfire
D:8:      layout_loops_ring, amethyst_overflow_temple_binary, vehumet_statue,
          dpeg_oklobed_lair, kennysheep_crisscross, lemuel_flamethrower_2
D:9:      layout_basic, elyvilon_altar_5, serial_shops, shop, minivault_13
D:10:     layout_big_octagon, serial_shops, nicolae_stop_n_shop_1
D:11:     layout_loops_cross, lemuel_old_faithful, uniq_amaemon, uniq_fannar,
          uniq_harold, uniq_erica
D:12:     nicolae_cairo_tiling_large_dashed, layout_irregular_city, orc_0_dummy,
          hangedman_fish_farm
D:13:     layout_rooms, david_vaults_3, uniq_josephine
D:14:     layout_gridville, nicolae_elevator_lobby_plus, gammafunk_ghost_icy,
          serial_shops, nicolae_lakefront_shop, dancing_weapons_uskayaw,
          uniq_lodul, uniq_rupert, uniq_azrael
Temple:   nicolae_temple_superstar
Lair:1:   layout_roguey, uniq_gastronok
Lair:2:   layout_misc_corridors, spider_nest_entry_web_field
Lair:3:   layout_cave_shapes, nicolae_swamp_entry_splash_gauntlet,
          lightli_volcano_entry_magma_tube, beast_lair_carwin_1,
          grunt_megastairs_4, infiniplex_staircase_pool_2
Lair:4:   layout_hall_layers, slime_entry_1, lemuel_fruit_tree
Lair:5:   minmay_lair_end_frog_pond, layout_cellular_growth, uniq_sonja
Orc:1:    layout_caves, serial_shops, nicolae_shop_hallway_stairs,
          lemuel_statue_altar, nicolae_shop_clearance
Orc:2:    st_orc_pillars, layout_diamond_mine, serial_shops, shop,
          ebering_ghost_disaster_area, uniq_erolcha

Skill      XL: |  1  2  3  4  5  6  7  8  9 10 11 12 13 14 |
---------------+-------------------------------------------+-----
Polearms       | 3 4 5 6 8 9 11 14 16 | 16.5
Fighting       | 8 11 13 16 17 18 | 18.9
Armour         | 8 11 13 16 17 18 | 18.9
Invocations    | 4 7 |  7.7
Shields        | |  3.6

Action                   |  1- 3 |  4- 6 |  7- 9 | 10-12 | 13-15 || total
-------------------------+-------+-------+-------+-------+-------++-------
Melee: Trident           |    88 |     1 |       |       |       ||    89
       Headbutt          |     8 |     5 |    26 |    74 |   165 ||   278
       Spear             |       |    56 |   332 |   445 |   321 ||  1154
       Halberd           |       |       |       |       |   152 ||   152
       Glaive            |       |       |       |       |   317 ||   317
Invok: Ancestor Life: Ba |       |       |     1 |       |       ||     1
       Recall Ancestor   |       |       |       |     2 |       ||     2
  Use: Scroll            |     5 |       |    10 |    13 |    12 ||    40
       Potion            |       |     2 |       |       |     7 ||     9
 Stab: Distracted        |       |       |       |     3 |    11 ||    14
Armor: Scale mail        |    18 |    22 |    14 |       |       ||    54
       Ring mail         |       |       |    26 |    81 |   274 ||   381
Dodge: Dodged            |    30 |    14 |    47 |    84 |   303 ||   478
       Repelled          |       |       |       |       |     1 ||     1
Block: Buckler           |    11 |    11 |    30 |    54 |    35 ||   141

Table legend: (Time is in decaauts)
 A = Elapsed time spent in this place.
 B = Non-inter-level travel time spent in this place.
 C = Inter-level travel time spent in this place.
 D = Time resting spent in this place.
 E = Time spent auto-exploring this place.
 F = Levels seen in this place.
 G = Mean time per level.
                   A        B        C        D        E       F      G
               +--------+--------+--------+--------+--------+-----+--------+
         Total |  18135 |  16390 |   1745 |      0 |  12902 |  22 |  824.3 |
       Dungeon |  10857 |   9699 |   1158 |      0 |   7730 |  14 |  775.5 |
        Temple |    189 |    117 |     72 |      0 |    100 |   1 |  189.0 |
          Lair |   4472 |   4247 |    225 |      0 |   3346 |   5 |  894.4 |
  Orcish Mines |   2614 |   2325 |    289 |      0 |   1725 |   2 | 1307.0 |
               +--------+--------+--------+--------+--------+-----+--------+

Top non-repeatable levels by time:
   Orc:2: 1642 daAuts
     D:4: 1336 daAuts
  Lair:5: 1315 daAuts
     D:6: 1282 daAuts
     D:9: 1210 daAuts
   Orc:1: 972 daAuts
  Lair:3: 970 daAuts
     D:8: 953 daAuts
     D:5: 939 daAuts
    D:13: 829 daAuts
  Lair:1: 820 daAuts
    D:11: 809 daAuts
    D:12: 800 daAuts
  Lair:4: 769 daAuts
     D:1: 670 daAuts
